 Dungeon Crawl Stone Soup version 0.30-a0-1094-g860fb061e7 (webtiles) character file.

Game seed: 10121274808639500878

12 Esekla the Sneak (level 2, 0/21 HPs)
             Began as an Octopode Delver on Apr 17, 2023.
             Was an Initiate of Gozag.
             Slain by a sleepcap (6 damage)
             ... on level 4 of the Dungeon.
             The game lasted 00:03:22 (526 turns).

Esekla the Sneak (Octopode Delver)                   Turns: 526, Time: 00:03:23

Health: 0/21       AC:  1    Str: 11    XL:     2   Next: 33%
Magic:  2/2        EV: 13    Int: 12    God:    Gozag
Gold:   37         SH:  0    Dex: 13    Spells: 1/1 levels left

rFire   . . .      SeeInvis .    a - +0 falchion
rCold   . . .      Faith    .    (no shield)
rNeg    . . .      Spirit   .    (helmet restricted)
rPois   .          Reflect  .    (no amulet)
rElec   .          Rampage  .    (no ring)
rCorr   .                        (no ring)
Will    .....                    (no ring)
Stlth   ++++                     (no ring)
HPRegen 0.23/turn                (no ring)
MPRegen 0.08/turn                (no ring)
                                 (no ring)
                                 (no ring)

@: no status effects
A: almost no armour, amphibious, 8 rings, camouflage 1, gelatinous body 1,
(nimble swimmer 1), tentacles
a: Renounce Religion, Potion Petition, Call Merchant, Bribe Branch


You were on level 4 of the Dungeon.
You worshipped Gozag.
Gozag was noncommittal.
You visited 2 branches of the dungeon, and saw 3 of its levels.

You collected 40 gold pieces.
You paid 3 gold pieces to Gozag.

Inventory:

Hand Weapons
 a - a +0 falchion (weapon)
Wands
 f - a wand of digging (3)
Scrolls
 b - a scroll of fog
 d - a scroll of fear
Potions
 e - a potion of haste


   Skills:
 * Level 3.1 Fighting
 * Level 2.1 Long Blades
 * Level 2.1 Dodging
 + Level 6.9 Stealth
 * Level 0.2 Spellcasting


You had one spell level left.
You didn't know any spells.
Your spell library was empty.

Dungeon Overview and Level Annotations

Branches:
Dungeon (5/15)             Temple (1/1) D:5

Altars:
Ashenzari
Cheibriados
Elyvilon
Fedhas
Gozag
Kikubaaqudgha
Makhleb
Nemelex Xobeh
Okawaru
Qazlal
Ru
Sif Muna
Trog
Vehumet
Wu Jian
Xom
Yredelemnul
The Shining One

Annotations:
D:5 Dowan, Duvessa


Innate Abilities, Weirdness & Mutations

You cannot wear most types of armour.
You are amphibious.
You can wear up to eight rings at the same time.
Your skin changes colour to match your surroundings (Stealth+).
Your rubbery body absorbs attacks. (AC +1, EV +1)
((You are camouflaged when in or above water. (Stealth+)))
You have tentacles for arms and can constrict up to eight enemies at once.


Message History

The jackal is heavily wounded.
The jackal barely misses you. The jackal bites you.
You hit the jackal.
You kill the jackal!
The jackal bites you. The jackal closely misses you.
The jackal barely misses you. The jackal attacks as you move away!
The jackal bites you but does no damage.
The jackal closely misses you.
There is an open door here.
You slash the jackal!
You kill the jackal!
The sleepcap is distracted by your dazzling golden aura.
You close the door, pushing everything out of the way.
A kobold opens the door.
You hit the kobold but do no damage. Your grab misses the kobold.
Your squeeze misses the kobold. The kobold hits you with a +0 dagger.
You barely miss the kobold. Your grab misses the kobold.
Your squeeze misses the kobold. The kobold hits you with a +0 dagger.
The kobold hits you but does no damage.
You closely miss the kobold. Your grab misses the kobold.
The kobold misses you.
You hit the kobold. Your grab misses the kobold. You squeeze the kobold.
You kill the kobold!
There is an open door here.
You see here 8 gold pieces.
You see here 5 gold pieces.
You now have 37 gold pieces (gained 5).
The sleepcap attacks as you move away! The sleepcap barely misses you.
The sleepcap attacks as you move away! The sleepcap releases spores at you.
There is an open door, spattered with blood here.
The sleepcap attacks as you move away! The sleepcap misses you.
The sleepcap attacks as you move away! The sleepcap releases spores at you.
* * * LOW HITPOINT WARNING * * *
Things that are here:
6 gold pieces; a +0 dagger The sleepcap attacks as you move away!
The sleepcap misses you. The sleepcap attacks as you move away!
The sleepcap releases spores at you.
You die...
Your body crumbles into a pile of gold.

#####.......#
#...'$..^...#
#.###.......# #.#
#.......# #$#
#.......# # #.#
#.......# ... #.#
###$#####....
#f#####....$....h
#.@........##..
##########.# ...
..#.. S.# ... ..#
## f.# ..#


You could see a sleepcap.

Vanquished Creatures
  An adder (D:4)
  2 jackals (D:4)
  A kobold (D:4)
4 creatures vanquished.

Notes
Turn   | Place    | Note
-------+----------+-------------------------------------------
     0 | D:5      | Esekla the Octopode Delver began the quest for the Orb.
     0 | D:5      | Reached XP level 1. HP: 16/16 MP: 1/1
    79 | D:5      | Found a staircase to the Ecumenical Temple.
    88 | Temple   | Entered the Ecumenical Temple
   276 | Temple   | Became a worshipper of Gozag Ym Sagoz the Greedy
   316 | D:5      | Noticed a scorpion
   327 | D:5      | Noticed Dowan
   329 | D:5      | Noticed Duvessa
   470 | D:4      | Noticed a sleepcap
   481 | D:4      | Reached XP level 2. HP: 18/21 MP: 2/2
   526 | D:4      | Slain by a sleepcap

Illustrated notes

Levels and vault maps discovered:
D:4:      layout_basic, gammafunk_temple_overflow_wave
D:5:      layout_layer_cave, minmay_temple_entry_tees, uniq_duvessa
Temple:   dpeg_five_rooms_temple

Action                     || total
---------------------------++-------
  Melee: Falchion          ||    13
         Constrict         ||     1
         Tentacles         ||     1
    Use: Scroll            ||     1
 Armour: Skin              ||     3
  Dodge: Dodged            ||    14

Table legend: (Time is in decaauts)
 A = Elapsed time spent in this place.
 B = Non-inter-level travel time spent in this place.
 C = Inter-level travel time spent in this place.
 D = Time resting spent in this place.
 E = Time spent auto-exploring this place.
 F = Levels seen in this place.
 G = Mean time per level.
                   A        B        C        D        E       F      G
               +--------+--------+--------+--------+--------+-----+--------+
         Total |    528 |    492 |     36 |      0 |    170 |   3 |  176.0 |
       Dungeon |    304 |    303 |      1 |      0 |      0 |   2 |  152.0 |
        Temple |    223 |    188 |     35 |      0 |    170 |   1 |  223.0 |
               +--------+--------+--------+--------+--------+-----+--------+

Top non-repeatable levels by time:
  Temple: 223 daAuts
     D:5: 156 daAuts
     D:4: 148 daAuts
